AoeStats
← 海峡

Marketplace

504627907Analyzed
1v1 RM · 27d ago on Sep 6, 2026· 26m 14s· 2 players
Game mode
Random Map
Map size
Tiny (2 player)
Population
200
Speed
Normal
Resources
Standard
Victory
Conquest
Starting age
Dark Age
Ending age
Imperial Age
RankedLock teamsTeams togetherTeam positionsShared explorationLock speedFull tech treeHidden civsTurbo modeCheats
Victory
Defeat
🇨🇦 Tupi · Canada
1709
+18
🇨🇳 Romans · China
1759
-18
TE MS MOE
4:54 Loom
15:03 Feudal Age
15:34 Double-Bit Axe
15:45 Town Watch
19:24 Wheelbarrow
19:58 Fletching
25:16 Castle Age
海峡
6:24 Loom
8:52 Feudal Age
9:23 Double-Bit Axe
11:26 Man-at-Arms
21:40 Scale Mail Armor
23:33 Fletching
Connection lost

Rejoining the realm…

Still unreachable

The connection could not be restored.

Session expired

The server has moved on; the page needs a fresh start.